 Dungeon Crawl Stone Soup version 0.16.0-18-g484a79e (webtiles) character file.

393 Zugr the Destroyer (level 6, -5/32 HPs)
             Began as a Deep Elf Conjurer on Mar 22, 2015.
             Killed by nerve-wracking pain
             ... invoked by an orc priest
              (10 damage)
             ... on level 4 of the Dungeon on Mar 23, 2015.
             The game lasted 00:16:27 (3500 turns).

Zugr the Destroyer (Deep Elf Conjurer)              Turns: 3500, Time: 00:16:28

Health: -5/32      AC:  3    Str:  7    XL:     6   Next: 51%
Magic:  1/18       EV: 13    Int: 20    God:
Gold:   96         SH:  0    Dex: 15    Spells: 4 memorised, 1 level left

rFire  . . .     SeeInvis .     s - +1 dagger (elec)
rCold  . . .     Clarity  .     a - +1 robe
rNeg   . . .     SustAb   .     (no shield)
rPois  .         Gourm    .     (no helmet)
rElec  .         Spirit   .     (no cloak)
rCorr  .         Warding  .     (no gloves)
rMut   .         Stasis   .     (no boots)
MR     .....                    (no amulet)
Stlth  ++........               A - ring of teleport control
                                i - ring of wizardry

@: not resistant to hostile enchantments, unstealthy
A: no striking features
a: Evoke Teleport Control


You were on level 4 of the Dungeon.
You were hungry.

You visited 1 branch of the dungeon, and saw 4 of its levels.

You collected 96 gold pieces.

Inventory:

Hand weapons
 n - a +0 short sword
 p - a +1 short sword of freezing
 s - a +1 dagger of electrocution (weapon)
Armour
 a - a +1 robe (worn)
Jewellery
 i - a ring of wizardry (left hand)
 A - a ring of teleport control (right hand)
Magical devices
 l - a wand of frost (18)
 z - a wand of slowing (30)
Scrolls
 d - 2 scrolls of teleportation
 e - 2 scrolls of recharging {unknown}
 h - a scroll of fog {unknown}
 m - a scroll of remove curse {unknown}
 r - 2 scrolls of enchant armour
 v - a scroll of blinking {unknown}
 w - a scroll of noise {unknown}
 x - a scroll of immolation {unknown}
 y - a scroll of magic mapping {unknown}
 C - a scroll of enchant weapon {unknown}
Potions
 g - a potion of experience {unknown}
 j - a potion of curing
 k - a potion of restore abilities {unknown}
 o - a potion of agility {unknown}
 q - 2 potions of resistance
 t - 2 potions of brilliance {unknown}
 u - 2 potions of magic {unknown}
Books
 c - a book of Conjurations

   Spells                             Type                      Level
   a - Magic Dart                     Conjuration                  1
   b - Searing Ray                    Conjuration                  2
   c - Dazzling Spray                 Conjuration/Hexes            3
   d - Fulminant Prism                Conjuration/Hexes            4
   e - Iskenderun's Mystic Blast      Conjuration                  4
   f - Iskenderun's Battlesphere      Conjuration/Charms           5
Comestibles
 b - a bread ration
 f - 2 meat rations
 B - a beef jerky


   Skills:
 - Level 2.4 Dodging
 - Level 2.4 Stealth
 - Level 3.0 Spellcasting
 + Level 8.7 Conjurations


You had one spell level left.
You knew the following spells:

 Your Spells              Type           Power        Failure   Level  Hunger
a - Magic Dart            Conj           ####         1%          1    None
b - Searing Ray           Conj           #####.       1%          2    ##.....
c - Dazzling Spray        Conj/Hex       ###.....     4%          3    ###....
d - Iskenderun's Mystic   Conj           #####...     2%          4    ####...


Dungeon Overview and Level Annotations

Branches:
Dungeon (4/15)
 Temple: D:4-7

Altars:
Xom

Annotations:
D:4 Sigmund


Message History

Confirm with . or Enter, or press ? or * to list all spells.
Aiming: Dazzling Spray
Press: ? - help, Shift-Dir - straight line, f/p - orc priest
Aim: an orc priest, wielding a club and wearing a scale mail (moderately wounded)
The spray of energy hits the orc priest.
The orc priest is heavily wounded.
The orc priest is dazzled.
The orc priest closely misses you.
You are too injured to fight recklessly!
You are too injured to fight recklessly!
You are too injured to fight recklessly!
You hit the orc priest but do no damage.
The orc priest is heavily wounded.
The orc priest hits you with a club.
* * * LOW HITPOINT WARNING * * *
You strike the helpless orc priest from behind!
You hit the orc priest but do no damage.
The orc priest is heavily wounded.
The orc priest mumbles some strange prayers to Beogh against you.
Pain shoots through your body!
You die...

######### #@.%....###
#.o..........##
.†(..†..........#
.................†##
............###.>..##
..........## #.<..##
.....#.... ##.÷..##
.### #..$ ##.(..##
##....#


You could see an orc priest (blind).

Vanquished Creatures
  The ghost of herpmino the Sneak, an average OpSu (D:3)
  2 orc priests
  An orc wizard (D:4)
  An iguana (D:4)
  Ijyb (D:2)
  Jessica (D:2)
  Terence (D:2)
  4 adders
  3 worms
  An orc (D:4)
  2 giant cockroaches
  10 goblins
  10 hobgoblins
  12 kobolds
  4 quokkas
  5 bats (D:1)
  5 giant geckos
  5 giant newts
  6 rats
75 creatures vanquished.

Notes
Turn   | Place    | Note
--------------------------------------------------------------
     0 | D:1      | Zugr, the Deep Elf Conjurer, began the quest for the Orb.
     0 | D:1      | Reached XP level 1. HP: 10/10 MP: 5/5
   238 | D:1      | Reached XP level 2. HP: 15/15 MP: 1/8
   310 | D:1      | Learned a level 2 spell: Searing Ray
   343 | D:1      | Reached skill level 5 in Conjurations
   623 | D:1      | Reached XP level 3. HP: 19/19 MP: 6/10
  1125 | D:2      | Reached skill level 6 in Conjurations
  1166 | D:2      | Noticed Ijyb
  1179 | D:2      | Killed Ijyb
  1179 | D:2      | Reached XP level 4. HP: 24/24 MP: 1/13
  1696 | D:2      | Noticed Terence
  1704 | D:2      | Killed Terence
  1866 | D:2      | Noticed Jessica
  1876 | D:2      | Killed Jessica
  2175 | D:3      | Found a shimmering altar of Xom.
  2288 | D:3      | Reached XP level 5. HP: 28/28 MP: 14/16
  2293 | D:3      | Learned a level 3 spell: Dazzling Spray
  2300 | D:3      | Learned a level 4 spell: Iskenderun's Mystic Blast
  2396 | D:3      | Reached skill level 7 in Conjurations
  2826 | D:3      | Noticed herpmino's ghost (average OpSu)
  2836 | D:3      | Killed herpmino's ghost
  3113 | D:4      | Reached skill level 8 in Conjurations
  3113 | D:4      | Reached XP level 6. HP: 32/32 MP: 13/18
  3215 | D:4      | Noticed Sigmund
  3500 | D:4      | Killed from afar by an orc priest

Action                   |  1- 3 |  4- 6 || total
-------------------------+-------+-------++-------
Melee: Unarmed           |     3 |       ||     3
       Short sword       |     8 |       ||     8
       Dagger            |     3 |    10 ||    13
 Cast: Magic Dart        |    61 |    52 ||   113
       Searing Ray       |     3 |     6 ||     9
       Dazzling Spray    |       |     7 ||     7
       Iskenderun's Myst |       |     7 ||     7
  Use: Scroll            |       |     6 ||     6
       Potion            |       |     1 ||     1
 Stab: Sleeping          |     1 |       ||     1
       Invisible         |       |     1 ||     1
  Eat: Chunk             |     1 |     8 ||     9
